 Dungeon Crawl Stone Soup version 0.22-a0-570-g58866f5 (webtiles) character file.

545 iamserjio the Shield-Bearer (level 7, -11/44 HPs)
             Began as a Gargoyle Fighter on June 30, 2018.
             Mangled by an orc warrior
             ... wielding a +0 dire flail
              (14 damage)
             ... on level 6 of the Dungeon.
             The game lasted 00:08:26 (1374 turns).

iamserjio the Shield-Bearer (Gargoyle Fighter)      Turns: 1374, Time: 00:08:27

Health: -11/44     AC: 19    Str: 24    XL:     7   Next: 27%
Magic:  7/7        EV:  6    Int:  9    God:
Gold:   110        SH: 10    Dex: 11    Spells: 6/6 levels left

rFire    . . .     SeeInvis .   a - +0 war axe
rCold    . . .     Gourm    .   c - +0 shield
rNeg     + . .     Faith    .   o - +0 chain mail
rPois    ∞         Spirit   .   h - +1 helmet
rElec    +         Reflect  .   s - +2 cloak {rPois}
rCorr    .         Harm     .   (no gloves)
MR       .....                  (no boots)
Stlth    ..........             (no amulet)
HPRegen  0.14/turn              (no ring)
MPRegen  0.10/turn              (no ring)

@: mighty
A: negative energy resistance 1, electricity resistance, unbreathing,
petrification resistance, rot immunity, AC +4
a: no special abilities


You were on level 6 of the Dungeon.
You were very hungry.

You visited 1 branch of the dungeon, and saw 6 of its levels.

You collected 110 gold pieces.

Inventory:

Hand Weapons
 a - a +0 war axe (weapon)
 g - a +2 quarterstaff of chaos
 k - a +0 flail of crushing
Missiles
 m - a throwing net (quivered) {!f}
Armour
 b - a +0 scale mail
 c - a +0 shield (worn)
 h - a +1 helmet (worn)
 o - a +0 chain mail (worn)
 s - a +2 cloak of poison resistance (worn)
Jewellery
 i - an uncursed ring of flight {unknown}
 r - an uncursed amulet of the gourmand {unknown}
Wands
 p - a wand of polymorph (13)
Scrolls
 j - a scroll of amnesia
 n - a scroll of immolation
 q - a scroll of fear {unknown}
 u - a scroll of identify {@r1}
Potions
 d - 2 potions of might
 e - a potion of degeneration {unknown}
 l - 3 potions of heal wounds {unknown}
 t - a potion of curing {unknown}
Comestibles
 f - 4 rations


   Skills:
 + Level 4.6 Fighting
 * Level 4.3 Axes
 + Level 4.6 Armour
 * Level 5.7 Shields


You had 6 spell levels left.
You didn't know any spells.
Your spell library was empty.

Dungeon Overview and Level Annotations

Branches:
Dungeon (6/15)
 Temple: D:4-7

Altars:
Hepliaklqana


Innate Abilities, Weirdness & Mutations

You are resistant to torment.
Your stone body is resilient. (AC +4)
You are immune to poison.
You resist negative energy. (rN+)
You are resistant to electric shocks. (rElec)
You can survive without breathing.
You are immune to petrification.
You are immune to rotting.


Message History

The bullfrog skeleton hits you but does no damage.
The orc barely misses you.
The orc priest casts a cantrip, but nothing happens.
You closely miss the orc priest.
The orc priest is moderately wounded.
You closely miss the orc warrior. You hit the bullfrog skeleton.
You destroy the bullfrog skeleton!
The orc warrior closely misses you. You block the orc's attack.
The orc priest begins to cast a cantrip, but forgets the words!
The orc warrior hits you with a dire flail!
* * * LOW HITPOINT WARNING * * *
You closely miss the orc warrior.
The orc warrior is severely wounded.
You closely miss the orc priest. You slash the bullfrog zombie!
The bullfrog zombie closely misses you. The orc hits you but does no damage.
The orc priest invokes the aid of Beogh against you.
You struggle to resist.
The bullfrog zombie hits you but does no damage.
The orc warrior hits you with a dire flail!
You die...

....##..
#......
#.?....
#...$>
#....#
#..o.#
#.oZo#
#..@.#
##...#
#...#
#...#
#..##
#..#
##.# ###


You could see an orc warrior, an orc priest, an orc and a bullfrog zombie.

Vanquished Creatures
  Edmund (D:4)
  An ogre (D:6)
  A phantom (D:4)
  Crazy Yiuf (D:3)
  A bullfrog skeleton (D:6)
  An orc wizard (D:5)
  2 worker ants
  A hound skeleton (D:5)
  3 adders
  2 shadow imps
  An ooze (D:3)
  5 worms
  A dart slug (D:1)
  2 leopard geckos
  6 orcs
  2 giant cockroaches
  2 goblins (D:3)
  3 hobgoblins
  2 jackals (D:5)
  A kobold (D:3)
  A quokka (D:4)
  3 bats
  5 frilled lizards
  A leopard gecko zombie (D:6)
  3 rats
52 creatures vanquished.

Notes
Turn   | Place    | Note
-------+----------+-------------------------------------------
     0 | D:1      | iamserjio the Gargoyle Fighter began the quest for the Orb.
     0 | D:1      | Reached XP level 1. HP: 14/14 MP: 1/1
   166 | D:2      | Reached XP level 2. HP: 19/19 MP: 2/2
   317 | D:3      | Reached XP level 3. HP: 19/23 MP: 3/3
   386 | D:4      | Noticed a phantom
   426 | D:4      | Killed a phantom
   426 | D:4      | Reached skill level 4 in Shields
   426 | D:4      | Reached XP level 4. HP: 22/29 MP: 4/4
   426 | D:4      | Reached XP level 5. HP: 25/33 MP: 5/5
   444 | D:4      | Noticed Edmund
   451 | D:4      | Killed Edmund
   451 | D:4      | Reached XP level 6. HP: 33/38 MP: 6/6
   630 | D:4      | Reached skill level 5 in Shields
   851 | D:3      | Found a runed door.
   857 | D:3      | Noticed Crazy Yiuf
   860 | D:3      | Paralysed by Crazy Yiuf for 4 turns
   870 | D:3      | Killed Crazy Yiuf
   998 | D:5      | Entered Level 5 of the Dungeon
  1092 | D:6      | Reached XP level 7. HP: 21/44 MP: 7/7
  1174 | D:5      | Found a hazy altar of Hepliaklqana.
  1373 | D:6      | HP: 2/44 [orc warrior/dire flail (8)]
  1374 | D:6      | Mangled by an orc warrior

Vault maps used:
D:1:      co_arrival_random_square_maze, minmay_strange_pillars,
          serial_bayou_pond_b, roderic_lattice_a
D:3:      overflow_temple_1_default, uniq_crazy_yiuf_cottage
D:4:      old_standard_altar, minmay_temple_entry_junction, first_ration,
          uniq_edmund
D:5:      kennysheep_mini
D:6:      yredelemnul_forgotten_temple_becter, serial_shops, shop,
          serial_bayou_pond_b, eino_small_chamber_without_monster, uniq_sigmund

Skill      XL: |  1  2  3  4  5  6 |
---------------+-------------------+-----
Axes           | 2 3 4 |  4.3
Shields        | 4 5 |  5.7
Fighting       | 4 |  4.6
Armour         | 4 |  4.6

Action                   |  1- 3 |  4- 6 |  7- 9 || total
-------------------------+-------+-------+-------++-------
Melee: War axe           |   100 |    91 |    47 ||   238
  Use: Potion            |       |     1 |     1 ||     2
       Scroll            |       |     5 |     2 ||     7
  Eat: Chunk             |       |     1 |       ||     1
Armor: Scale mail        |    56 |    13 |       ||    69
       Chain mail        |       |    45 |    50 ||    95
Dodge: Dodged            |    24 |    17 |    19 ||    60
Block: Shield            |    50 |    35 |    34 ||   119

Table legend:
 A = Spawn XP
 B = Non-spawn XP
 C = Spawn XP percentage of total XP
 D = Spawn monster count
 E = Non-spawn monster count
 F = Spawn count percentage of total count
 G = Total turns spent on level
                    A         B        C        D         E        F      G
               +---------+---------+-------+---------+---------+-------+---------
         Total |       0 |     779 |   0.0 |       0 |      52 |   0.0 |  1374
               +---------+---------+-------+---------+---------+-------+---------
           D:1 |       0 |       7 |   0.0 |       0 |       3 |   0.0 |   129
           D:2 |       0 |      23 |   0.0 |       0 |       7 |   0.0 |   215
           D:3 |       0 |     100 |   0.0 |       0 |      17 |   0.0 |   214
           D:4 |       0 |     358 |   0.0 |       0 |       8 |   0.0 |   458
           D:5 |       0 |     118 |   0.0 |       0 |      13 |   0.0 |   316
           D:6 |       0 |     173 |   0.0 |       0 |       4 |   0.0 |    42
               +---------+---------+-------+---------+---------+-------+---------
